 Dungeon Crawl Stone Soup version 0.13-a0-2590-g8c14591 (webtiles) character file.

259 JulietteNo the Sneak (level 4, -2/21 HPs)
             Began as a Spriggan Enchanter on Aug 2, 2013.
             Slain by a hound (4 damage)
             ... on Level 4 of the Dungeon.
             The game lasted 00:18:39 (5690 turns).

JulietteNo the Sneak (Spriggan Enchanter)           Turns: 5690, Time: 00:18:39

HP  -2/21        AC  3     Str  5      XL: 4   Next: 55%
MP  13/13        EV 18     Int 16      God:
Gold 153         SH  0     Dex 16      Spells:  4 memorised,  2 levels left

Res.Fire  : . . .   See Invis. : +   a - +1 dagger {=f}
Res.Cold  : . . .   Warding    : .   b - +1 robe
Life Prot.: . . .   Conserve   : .   (shield restricted)
Res.Poison: .       Res.Corr.  : .   (helmet restricted)
Res.Elec. : .       Clarity    : .   (no cloak)
Sust.Abil.: . .     Spirit.Shd : .   (gloves unavailable)
Res.Mut.  : .       Stasis     : .   (boots unavailable)
Res.Rott. : .       Flight     : .   (no amulet)
Saprovore : . . .                    (no ring)
                                     p - ring of protection from magic {unknown}

@: very quick, quite resistant to hostile enchantments, quite stealthy
A: unfitting armour, see invisible, herbivore 3, speed 3, slow metabolism 2
a: no special abilities


You were on level 4 of the Dungeon.
You were not hungry.

You visited 1 branch of the dungeon, and saw 4 of its levels.

You collected 133 gold pieces.

Inventory:

Hand weapons
 a - a +1,+1 dagger (weapon) {=f}
Missiles
 d - 24 darts (quivered)
 k - 20 stones
 w - 9 sling bullets of flame
Armour
 b - a +1 robe (worn)
 j - a +0 buckler
 x - a +0 robe
Comestibles
 l - a bread ration
 r - a choko
 v - 2 oranges
 z - 2 apricots
 A - 2 pears
Scrolls
 g - 3 scrolls of identify {unknown}
 h - 8 scrolls of remove curse {unknown}
 m - a scroll of curse armour {unknown}
 n - 3 scrolls of enchant weapon II {unknown}
 o - 2 scrolls of recharging {unknown}
 q - a scroll of amnesia {unknown}
 s - 2 scrolls of noise {unknown}
 u - a scroll of enchant armour {unknown}
 y - a scroll of blinking {unknown}
Jewellery
 p - a ring of protection from magic (left hand) {unknown}
Potions
 e - a potion of porridge
 f - 2 potions of curing {unknown}
 i - a potion of speed {unknown}
 t - a potion of invisibility {unknown}
Books
 c - a book of Maledictions

   Spells                             Type                      Level
   *Corona                            Hexes                        1
   *Sure Blade                        Hexes/Charms                 2
   *Ensorcelled Hibernation           Hexes/Ice                    2
   *Confuse                           Hexes                        3
   Enslavement                        Hexes                        4
   Invisibility                       Hexes                        6


   Skills:
 - Level 1.1 Short Blades
 - Level 1.1 Throwing
 - Level 3.0 Dodging
 - Level 6.0 Stealth
 * Level 3.6 Spellcasting
 - Level 3.6 Hexes


You had 2 spell levels left.
You knew the following spells:

 Your Spells              Type           Power        Failure   Level  Hunger
a - Corona                Hex            ##.....      4%          1    None
b - Sure Blade            Hex/Chrm       #.........   14%         2    ##.....
c - Ensorcelled Hibernat  Hex/Ice        #.....       14%         2    ##.....
d - Confuse               Hex            ##......     12%         3    ###....


Dungeon Overview and Level Annotations

Branches:
Dungeon (4/27)
 Temple: D:4-7

Altars:
Fedhas
Sif Muna
Vehumet

Annotations
D:3 Grinder
D:4 JulietteNo's ghost, average SpEn


Innate Abilities, Weirdness & Mutations

You are tiny and cannot use many weapons and most armour.
You have supernaturally acute eyesight.
You are a herbivore.
You cover ground extremely quickly.
You need consume almost no food.


Message History

The hound is severely wounded.
The hound bites you. The hound barely misses you. The hound misses you.
You hit the hound.
The hound is severely wounded.
The hound stops glowing.
The hound completely misses you. The hound closely misses you.
You hit the hound.
The hound is severely wounded.
The hound barely misses you. The hound misses you.
The hound bites you but does no damage.
You hit the hound.
The hound is almost dead.
The hound completely misses you. The hound bites you but does no damage.
You hit the hound.
The hound is almost dead.
The hound bites you.
* * * LOW HITPOINT WARNING * * *
The hound bites you.
You die...

### .........
.........#
#.........#
#.........#
#.........#
#.........####
#....hh........
#.....@...#
............#
############
♣♣♣♣♣♣♣
♣♣♣♣♣♣♣♣♣ .
♣♣♣♣...♣♣♣♣ .
♣♣♣♣.....♣♣♣♣
.##
♣♣♣.......♣♣♣
...
♣♣♣...._....♣♣♣


You could see 2 hounds.

Vanquished Creatures
  3 adders
  A gnoll (D:3)
  An ooze (D:4)
  2 orcs
  2 ball pythons
  5 bats
  9 goblins
  8 hobgoblins
  9 jackals
  2 quokkas
  9 giant cockroaches
  3 giant newts
  5 kobolds
  6 rats
65 creatures vanquished.

Notes
Turn   | Place    | Note
--------------------------------------------------------------
     0 | D:1      | JulietteNo, the Spriggan Enchanter, began the quest for the Orb.
     0 | D:1      | Reached XP level 1. HP: 9/9 MP: 4/4
   442 | D:1      | Reached skill level 4 in Stealth
   495 | D:1      | Reached XP level 2. HP: 13/13 MP: 6/6
  1683 | D:2      | Reached skill level 5 in Stealth
  1779 | D:2      | Reached XP level 3. HP: 13/16 MP: 9/9
  2498 | D:2      | Reached skill level 6 in Stealth
  3070 | D:2      | Found a radiant altar of Vehumet.
  3524 | D:3      | Noticed Grinder
  3767 | D:3      | Found a deep blue altar of Sif Muna.
  3829 | D:3      | Reached XP level 4. HP: 21/21 MP: 12/12
  3833 | D:3      | Learned a level 2 spell: Sure Blade
  3836 | D:3      | Learned a level 2 spell: Ensorcelled Hibernation
  3840 | D:3      | Learned a level 3 spell: Confuse
  4400 | D:4      | Noticed JulietteNo's ghost (average SpEn)
  4511 | D:4      | Found a blossoming altar of Fedhas.
  5690 | D:4      | Slain by a hound

Action                   |  1- 3 |  4- 6 || total
-------------------------+-------+-------++-------
Melee: Dagger            |   258 |   133 ||   391
Throw: Dart              |       |     8 ||     8
 Cast: Corona            |       |     7 ||     7
 Stab: Distracted        |     4 |     1 ||     5
       Sleeping          |    11 |     3 ||    14
